 Dungeon Crawl Stone Soup version 0.23.2-33-g5129a83184 (webtiles) character file.

Game seed: 6165088968842910063

2338 OrcJesus the Cleaver (level 9, -2/74 HPs)
             Began as a Hill Orc Monk on Aug 3, 2019.
             Was a Priest of Beogh.
             Slain by an orc warrior
             ... wielding a +0 hand axe
              (13 damage)
             ... on level 8 of the Dungeon.
             The game lasted 00:28:05 (9168 turns).

OrcJesus the Cleaver (Hill Orc Monk)                Turns: 9168, Time: 00:28:08

Health: -2/74      AC: 10    Str: 15    XL:     9   Next: 43%
Magic:  9/9        EV:  9    Int: 10    God:    Beogh [***...]
Gold:   335        SH: 14    Dex: 15    Spells: 8/8 levels left

rFire    . . .     SeeInvis .   a - +1 hand axe
rCold    . . .     Gourm    .   s - +0 large shield
rNeg     . . .     Faith    .   d - +3 leather armour
rPois    .         Spirit   .   k - +2 helmet
rElec    .         Reflect  .   v - +0 cloak
rCorr    .         Harm     .   (no gloves)
MR       .....                  (no boots)
Stlth    ++........             (no amulet)
HPRegen  0.22/turn              x - ring of wizardry
MPRegen  0.11/turn              (no ring)

@: very slightly contaminated, invisible
A: no striking features
a: Smiting, Renounce Religion


You were on level 8 of the Dungeon.
You worshipped Beogh.
Beogh was most pleased with you.
You were hungry.

You visited 1 branch of the dungeon, and saw 8 of its levels.

You collected 335 gold pieces.

Inventory:

Hand Weapons
 a - a +1 hand axe (weapon)
 u - a +0 halberd
Armour
 d - a +3 leather armour (worn)
 k - a +2 helmet (worn)
 s - a +0 large shield (worn)
 v - a +0 cloak (worn)
Jewellery
 x - a ring of wizardry (left hand)
Wands
 t - a wand of flame (14)
Scrolls
 l - 2 scrolls of amnesia
 m - 4 scrolls of blinking
 o - a scroll of fear
 p - 2 scrolls of magic mapping
 r - 2 scrolls of teleportation
 w - a scroll of enchant weapon
 y - a scroll of identify
Potions
 b - 3 potions of haste
 e - 3 potions of resistance
 g - 2 potions of lignification
 h - 6 potions of curing
 i - a potion of agility
 j - a potion of mutation
 n - a potion of magic
 q - 3 potions of brilliance
Comestibles
 c - 18 rations


   Skills:
 - Level 5.0 Fighting
 * Level 13.4 Axes
 - Level 2.4 Dodging
 - Level 1.5 Stealth
 * Level 6.4 Shields


You had 8 spell levels left.
You didn't know any spells.
Your spell library was empty.

Dungeon Overview and Level Annotations

Branches:
Dungeon (8/15)             Temple (0/1) D:7
   Lair: D:8-11

Altars:
Ashenzari
Ru
The Shining One


Message History

You block the orc warrior's attack.
You are very lightly contaminated with residual magic.
You closely miss the orc warrior.
The orc warrior is severely wounded.
You miss the porcupine. You block the porcupine's attack.
You hit the orc warrior.
The orc warrior is almost dead.
You catch the helpless porcupine completely off-guard!
You hit the porcupine.
The orc warrior hits you but does no damage.
The porcupine bites you.
* * * LOW HITPOINT WARNING * * *
You hit the orc warrior.
The orc warrior is almost dead.
You hit the porcupine.
You kill the porcupine!
Beogh accepts your kill.
The orc warrior hits you with a +0 hand axe!
You die...
Beogh appreciates the orc warrior's killing of a heretic priest.

.. ..## ..# # ..#
###. ###.######
..... .).....>
....).#####)##.##
#..)@oo......#
#.######.##..#
###.##..#
#.......####
#######.#..#.#
#.#..#.#
####.#..#.#
#....#..#.###
#.#..#..#.#..


You could see an orc warrior and an orc.

Vanquished Creatures
  A hippogriff (D:7)
  Eustachio (D:6)
  A porcupine (D:8)
  A necrophage (D:8)
  3 sky beasts
  2 ogres
  2 centaurs
  A bullfrog (D:7)
  A scorpion (D:4)
  4 crimson imps
  3 jellies
  A bullfrog zombie (D:7)
  5 hounds
  4 orc priests
  Crazy Yiuf (D:5)
  A bullfrog skeleton (D:7)
  2 iguanas
  3 orc wizards
  2 centaur skeletons
  Ijyb (D:5)
  5 worker ants
  A howler monkey zombie (D:5)
  3 gnolls
  7 adders
  A howler monkey skeleton (D:4)
  2 river rats (D:4)
  A shadow imp (D:5)
  An ooze (D:1)
  3 adder skeletons (D:4)
  5 worms
  3 dart slugs
  3 leopard geckos
  3 orcs
  4 ball pythons
  7 giant cockroaches
  9 goblins
  6 hobgoblins
  5 jackals
  8 kobolds
  2 quokkas
  7 bats
  6 frilled lizards
  A jackal skeleton (D:3)
  10 rats
143 creatures vanquished.

Vanquished Creatures (others)
  A hound (D:4)
  An orc priest (D:8)
  An orc wizard (D:8)
  4 orcs
  2 fungi (D:8)
  12 plants (D:8)
21 creatures vanquished.

Grand Total: 164 creatures vanquished

Notes
Turn   | Place    | Note
-------+----------+-------------------------------------------
     0 | D:1      | OrcJesus the Hill Orc Monk began the quest for the Orb.
     0 | D:1      | Reached XP level 1. HP: 19/19 MP: 1/1
   276 | D:1      | Reached XP level 2. HP: 26/26 MP: 2/2
   330 | D:1      | Reached skill level 5 in Axes
   707 | D:1      | Reached XP level 3. HP: 29/31 MP: 3/3
  1445 | D:2      | Found a shattered altar of Ashenzari.
  1453 | D:2      | Reached skill level 6 in Axes
  2131 | D:2      | Reached XP level 4. HP: 27/39 MP: 4/4
  2676 | D:2      | Reached skill level 7 in Axes
  3052 | D:3      | Reached XP level 5. HP: 43/45 MP: 5/5
  3543 | D:3      | Found a glowing golden altar of the Shining One.
  3680 | D:4      | HP: 2/45 [iguana (12)]
  3685 | D:4      | Reached skill level 8 in Axes
  3874 | D:4      | Became a worshipper of Beogh the Brigand
  3874 | D:4      | Reached * piety under Beogh
  3874 | D:4      | Reached ** piety under Beogh
  3886 | D:4      | Reached XP level 6. HP: 17/51 MP: 6/6
  3930 | D:4      | Reached skill level 9 in Axes
  4368 | D:4      | Reached skill level 10 in Axes
  4368 | D:4      | Reached XP level 7. HP: 57/57 MP: 7/7
  5131 | D:5      | Entered Level 5 of the Dungeon
  5409 | D:5      | Reached skill level 11 in Axes
  5493 | D:5      | Noticed Eustachio
  5836 | D:5      | Noticed Ijyb
  5869 | D:5      | Killed Ijyb
  5869 | D:5      | Reached skill level 1 in Shields
  5930 | D:5      | Found a runed translucent door.
  5931 | D:5      | Noticed Crazy Yiuf
  5939 | D:5      | Killed Crazy Yiuf
  5939 | D:5      | Reached XP level 8. HP: 57/66 MP: 8/8
  6304 | D:6      | Reached *** piety under Beogh
  6321 | D:6      | Reached skill level 12 in Axes
  6334 | D:6      | Killed Eustachio
  7170 | D:6      | Reached skill level 5 in Fighting
  7381 | D:6      | Found a glowing golden altar of the Shining One.
  7559 | D:7      | Noticed a hippogriff
  7568 | D:7      | Killed a hippogriff
  7568 | D:7      | Reached skill level 5 in Shields
  7568 | D:7      | Reached XP level 9. HP: 70/74 MP: 9/9
  7715 | D:7      | Found a staircase to the Ecumenical Temple.
  7982 | D:7      | Reached skill level 13 in Axes
  8111 | D:7      | Found a sacrificial altar of Ru.
  9168 | D:8      | Slain by an orc warrior

Skill      XL: |  1  2  3  4  5  6  7  8  9 |
---------------+----------------------------+-----
Axes           | 5 6 7 8 10 11 12 13 | 13.4
Shields        | 1 5 6 |  6.4
Fighting       | 5 |  5.0
Dodging        | |  2.4
Stealth        | |  1.5

Action                   |  1- 3 |  4- 6 |  7- 9 || total
-------------------------+-------+-------+-------++-------
Melee: Hand axe          |   161 |   224 |   458 ||   843
Invok: Convert to Beogh  |       |     1 |       ||     1
Evoke: Wand              |       |       |     7 ||     7
  Use: Scroll            |     5 |     5 |     7 ||    17
       Potion            |       |     1 |     2 ||     3
 Stab: Sleeping          |     4 |       |     3 ||     7
       Distracted        |       |     1 |       ||     1
       Invisible         |       |       |     1 ||     1
  Eat: Chunk             |     3 |     8 |    12 ||    23
       Ration            |       |       |     1 ||     1
Armor: Robe              |    18 |       |       ||    18
       Leather armour    |     2 |    82 |   147 ||   231
Dodge: Dodged            |    86 |   124 |   105 ||   315
Block: Large shield      |       |       |   200 ||   200
